 Dungeon Crawl Stone Soup version 0.28.0 (webtiles) character file.

Game seed: 17431055850813785050

39 SnakkuSnakku7 the Ducker (level 3, 0/28 HPs)
             Began as a Djinni Gladiator on Feb 10, 2022.
             Slain by a goblin (3 damage)
             ... led by Robin
             ... on level 2 of the Dungeon.
             The game lasted 00:01:14 (1128 turns).

SnakkuSnakku7 the Ducker (Djinni Gladiator)         Turns: 1128, Time: 00:01:15

Health: 0/28       AC:  5    Str: 13    XL:     3   Next: 67%
Gold:   45         EV: 12    Int: 11    God:
                   SH:  0    Dex: 14

rFire   + + .      SeeInvis .   a - +0 quarterstaff
rCold   x . .      Faith    .   (shield currently unavailable)
rNeg    . . .      Spirit   .   b - +0 leather armour
rPois   ∞          Reflect  .   c - +0 helmet
rElec   .          Harm     .   g - +0 cloak
rCorr   .          Rampage  .   (no gloves)
Will    .....                   (boots unavailable)
Stlth   +.........              (no amulet)
HPRegen 0.09/turn               (no ring)
MPRegen 0.00/turn               (no ring)

@: flying
A: sickness immunity, fire resistance 2, cold vulnerability 1, float, innate
caster, HP casting, extra vitality 1
a: no special abilities


You were on level 2 of the Dungeon.
You visited 1 branch of the dungeon, and saw 2 of its levels.

You collected 45 gold pieces.

Inventory:

Hand Weapons
 a - a +0 quarterstaff (weapon)
Missiles
 d - 3 throwing nets (quivered)
Armour
 b - a +0 leather armour (worn)
 c - a +0 helmet (worn)
 g - a +0 cloak (worn)
Scrolls
 e - 2 scrolls of identify {unknown}
 f - a scroll of enchant armour {unknown}
Potions
 h - 2 potions of heal wounds {unknown}
 i - a potion of might {unknown}


   Skills:
 - Level 2.0 Fighting
 - Level 2.6 Staves
 - Level 1.5 Throwing
 - Level 3.2 Dodging
 + Level 2.2 Spellcasting


You had 5 spell levels left.
You knew the following spells:

 Your Spells              Type           Power      Damage    Failure   Level
a - Animate Skeleton      Necr           12%        N/A       14%         1
Your spell library was empty.

Dungeon Overview and Level Annotations

Branches:
Dungeon (2/15)

Altars:

Annotations:
D:2 Robin


Innate Abilities, Weirdness & Mutations

You are immune to sickness and miasma.
You are immune to poison.
Your flesh is very heat resistant. (rF++)
You are vulnerable to cold. (rC-)
You float through the air rather than walking.
You learn spells naturally, not from books.
Your magical power is your life essence.
You have superior vitality. (+4 MHP)


Message History

The hobgoblin is heavily wounded.
The goblin hits you but does no damage. The hobgoblin barely misses you.
Robin drinks a potion.
Robin seems to speed up.
The goblin barely misses you.
You closely miss the goblin. The goblin hits you with a +0 dagger.
The goblin hits you but does no damage.
Robin roars a battlecry!
The goblin goes into a battle-frenzy!
The goblin closely misses you.
The hobgoblin hits you but does no damage.
Unknown command.
Robin throws the goblin at you! The goblin hits you with a +0 club.
The goblin hits you but does no damage.
The hobgoblin hits you but does no damage.
The goblin misses you.
You sock the goblin!
You kill the goblin!
The goblin hits you but does no damage. The goblin misses you.
The hobgoblin hits you.
* * * LOW HITPOINT WARNING * * *
The goblin hits you with a +0 dagger.
* * * LOW HITPOINT WARNING * * *
You sock the goblin!
You kill the goblin!
The goblin closely misses you. The goblin hits you with a +0 dagger.
* * * LOW HITPOINT WARNING * * *
The goblin hits you but does no damage.
Things that are here:
a +0 dagger; a goblin corpse The goblin no longer looks unusually strong.
Robin throws the goblin at you!
Robin roars a battlecry!
The goblin goes into a battle-frenzy!
Robin throws the goblin at you! The goblin hits you with a +0 dagger.
* * * LOW HITPOINT WARNING * * *
The goblin hits you but does no damage. Robin throws the goblin at you!
The goblin closely misses you.
There is a stone staircase leading up here.
The goblin no longer looks unusually strong.
The goblin hits you with a +0 dagger.
You die...

### #### ..#
########... # #####.#
.#...#..#.###
#.#...#g##.#.#.#.......
#......@...#...g...#
###...#g.....))ll..#
#.........#†#.g..#
#..#g...#.#.####g# ##
#.##...#.#.l..# ###
#.######.#.##.# #.#
#....###...##.# #.#
#......l#######+### #.#
#.##.##.(.........#


You could see Robin (fast) and 2 goblins.

Vanquished Creatures
  3 endoplasms (D:1)
  A giant cockroach (D:1)
  8 goblins
  4 hobgoblins
  3 jackals (D:1)
  3 quokkas (D:1)
  2 ball pythons
  2 bats (D:1)
  A frilled lizard (D:1)
  A kobold (D:2)
  5 rats (D:1)
33 creatures vanquished.

Vanquished Creatures (others)
  4 toadstools (D:1)
4 creatures vanquished.

Grand Total: 37 creatures vanquished

Notes
Turn   | Place    | Note
-------+----------+-------------------------------------------
     0 | D:1      | SnakkuSnakku7 the Djinni Gladiator began the quest for the
                  | Orb.
     0 | D:1      | Reached XP level 1. HP: 18/18 MP: 0/0
   171 | D:1      | Reached skill level 1 in Spellcasting
   171 | D:1      | Reached XP level 2. HP: 20/23 MP: 0/0
   509 | D:1      | Reached XP level 3. HP: 26/28 MP: 0/0
   509 | D:1      | Learned a level 1 spell: Animate Skeleton
   840 | D:2      | Noticed Robin
  1128 | D:2      | Slain by a goblin

Illustrated notes

Levels and vault maps discovered:
D:1:      ldierk_walled_garden_2, layout_loops_ring
D:2:      layout_basic, uniq_robin, uniq_natasha

Skill      XL: |  1  2  3 |
---------------+----------+-----
Spellcasting   | 1 2 |  2.2
Fighting       | |  2.0
Staves         | |  2.6
Throwing       | |  1.5
Dodging        | |  3.2

Action                   || total
-------------------------++-------
Melee: Quarterstaff      ||    68
Armor: Leather armour    ||    28
Dodge: Dodged            ||    47
